Match 45548819
Unlisted

Match 45548819
End
Construct Section Command Post
Infantry Section
Infantry Section
Selects Heavy Armor Battlegroup
Vickers Machine Gun Team
Construct Platoon Command Post
Selects Rigorous Vehicle Training
Unlock M3 Stuart Light Tanks
M3 Stuart Light Tank
M3 Stuart Light Tank
Light Vehicle Training
6-pounder Anti-tank Gun Team
Unlock Bishop Self-propelled Artillery
Selects Forward Repair Assembly
Bishop Self-propelled Artillery
Bishop Self-propelled Artillery
M3 Stuart Light Tank
Bishop Self-propelled Artillery
Royal Engineer Section
Selects Churchill Black Prince Heavy Tank
Churchill Black Prince Heavy Tank
M3 Stuart Light Tank
CMP 15cwt Truck
Macho Man Randy Savage
Einhander
Blaston
고구마줄거리
con_007
Marowi
A Sassy Badger
Urge to Merge
0
0

Comments sign in to comment!

No comments posted yet!